 Seeded DCSS version 0.31-a0-831-g143b1e8 (webtiles) character file.

Game seed: 1171511467708235730 (custom seed)

2279 edsrzf the Covert (level 9, -2/108 HPs)
             Began as a Kobold Gladiator on Sept 24, 2023.
             Was a Believer of Cheibriados.
             Slain by a centaur warrior
             ... wielding a +0 falchion
              (3 damage)
             ... on level 8 of the Dungeon.
             The game lasted 00:19:47 (5988 turns).

edsrzf the Covert (Kobold Gladiator)                Turns: 5988, Time: 00:19:48

Health: -2/108     AC: 24    Str: 19    XL:     9   Next: 66%
Magic:  0/12       EV:  3    Int: 16    God:    Cheibriados [**....]
Gold:   300        SH:  0    Dex: 21    Spells: 11/13 levels left

rFire   . . .        a - +0 long sword
rCold   . . .        (no shield)
rNeg    . . .        A - melded +0 steam dragon scales
rPois   +            c - melded +0 helmet
rElec   .            (cloak currently unavailable)
rCorr   .            m - melded +0 pair of gloves
SInv    .            (boots currently unavailable)
Will    .....        q - amulet of guardian spirit Stlth
                     t - +5 ring of evasion
HPRegen 0.38/turn    (no ring)
MPRegen 0.13/turn

%: guardian spirit
@: berserking, tree-form, very slow
A: stationary, stasis, torment immunity, boosted hp, small, no large weapons,
nightstalker 3
a: Renounce Religion, Bend Time


You were on level 8 of the Dungeon.
You worshipped Cheibriados.
Cheibriados was pleased with you.
You were a tree.
You visited 2 branches of the dungeon, and saw 9 of its levels.

You collected 372 gold pieces.
You spent 72 gold pieces at shops.

Inventory:

Hand Weapons
 a - a +0 long sword (weapon)
 b - a +2 dagger of draining
 f - a +2 rapier of draining
Missiles
 d - a throwing net (quivered) {=f}
 e - 2 boomerangs
 l - 27 poisoned darts
Armour
 c - a +0 helmet (melded)
 m - a +0 pair of gloves (melded)
 r - the +5 ring mail "Len Kixt" {*Slow rElec Dex+3}
   (You found it on level 4 of the Dungeon)

   Dex+3:     It affects your dexterity (+3).
   rElec:     It insulates you from electricity.
   *Slow:     It may slow you when you take damage.
 A - +0 steam dragon scales (melded)
Jewellery
 q - an amulet of guardian spirit (around neck)
 t - a +5 ring of evasion (left branch)
 x - an amulet of the acrobat
Talismans
 p - a serpent talisman
 v - a talisman of death
 z - a storm talisman
Wands
 B - a wand of charming (2)
Scrolls
 i - a scroll of amnesia {unknown}
 n - 2 scrolls of enchant armour {unknown}
 s - 4 scrolls of identify {@r1}
 u - 2 scrolls of torment {unknown}
 y - a scroll of immolation {unknown}
 C - 2 scrolls of fog {unknown}
 D - a scroll of enchant weapon {unknown}
Potions
 g - 4 potions of attraction
 k - a potion of haste


   Skills:
 - Level 2.1 Fighting
 - Level 8.0(9.3) Short Blades
 - Level 4.6(5.7) Long Blades
 - Level 2.1 Throwing
 - Level 3.6 Dodging
 - Level 11.1 Stealth
 + Level 2.6 Spellcasting
 + Level 2.5 Hexes
 + Level 2.5 Ice Magic


You had 11 spell levels left.
You knew the following spells:

 Your Spells              Type           Power      Damage    Failure   Level
h - Ensorcelled Hibernat  Hex/Ice        20%        N/A       11%         2

Your spell library contained the following spells:

 Spells                   Type           Power      Damage    Failure   Level
 Blink                    Tloc           4%         N/A       30%         2
 Passwall                 Tmut/Erth      1%         N/A       30%         2
 Poisonous Vapours        Pois/Air       4%         N/A       30%         2
 Dazzling Flash           Conj/Hex       12%        N/A       34%         3
 Mephitic Cloud           Conj/Pois/Air  2%         N/A       52%         3
 Stone Arrow              Conj/Erth      4%         3d7       52%         3
 Swiftness                Air            2%         N/A       52%         3
 Volatile Blastmotes      Fire/Tloc      4%         2d10      52%         3
 Fulminant Prism          Conj/Hex       3%         3d5       75%         4
 Animate Armour           Summ/Erth      4%         N/A       89%         4
 Iskenderun's Mystic Bla  Conj/Tloc      2%         2d3       89%         4
 Manifold Assault         Tloc           2%         N/A       89%         4
 Silence                  Hex/Air        3%         N/A       97%         5
 Freezing Cloud           Conj/Ice/Air   2%         6-21      98%         5
 Agony                    Necr           2%         N/A       99%         5
 Lehudib's Crystal Spear  Conj/Erth      1%         10d2      100%        8


Dungeon Overview and Level Annotations

Branches:
Dungeon (8/15)             Temple (1/1) D:5
   Lair: D:8-11

Altars:
Ashenzari
Cheibriados
Dithmenos
Elyvilon
Gozag
Hepliaklqana
Kikubaaqudgha
Makhleb
Nemelex Xobeh
Okawaru
Qazlal
Ru
Sif Muna
Trog
Uskayaw
Vehumet
Wu Jian
Yredelemnul
Zin
The Shining One

Shops:
D:3 =   D:8 *

Annotations:
D:6 exclusions: iguana and phantom


Innate Abilities, Weirdness & Mutations

You are a tree.
Your roots penetrate the ground, keeping you stationary.
You cannot be teleported.
You are immune to unholy pain and torment.
Your maximum health is greatly increased.
Your equipment is partially melded.
You are small and have problems with some larger weapons.
You are completely attuned to the shadows.


Message History

The orc completely misses you. The orc attacks as it pursues you!
The orc completely misses you. The orc closely misses you.
Something hits you but does no damage.
The orc wizard gestures wildly while chanting.
The orc wizard flickers and vanishes!
You see here a howler monkey corpse.
The orc closely misses you.
You slash the orc!
You kill the orc!
Cheibriados appreciates the change of pace.
The orc barely misses you. The orc misses you.
Things that are here:
a +0 dagger; a howler monkey corpse You barely miss something.
You hear some strange, mumbled words.
You are confused.
You bump into the rock wall.
You bump into the rock wall.
Something hits you.
You hear some strange, mumbled words.
A puff of flame appears from out of thin air!
The puff of flame hits you!
You barely miss something.
Something hits you but does no damage. x2
You bump into the rock wall.
You hear some strange, mumbled words.
You are more confused.
You hear some strange, mumbled words.
Something tries to affect you, but you resist.
You bump into the rock wall.
The orc hits you with a +0 dagger. Something barely misses you. x2
You bump into the rock wall.
The orc barely misses you. Something hits you. x2
You bump into the rock wall.
The orc hits you but does no damage.
You hear some strange, mumbled words.
You are more confused.
Something barely misses you.
You bump into the rock wall.
The orc hits you but does no damage. Something hits you but does no damage.
Something closely misses you.
You barely miss something. The orc misses you. Something barely misses you.
Something hits you but does no damage.
You bump into the rock wall.
The orc completely misses you.
You hear some strange, mumbled words.
Something tries to affect you, but you resist.
Something hits you but does no damage.
You completely miss something. The orc hits you with a +0 dagger.
You hear some strange, mumbled words.
Something tries to affect you, but you resist.
Something hits you.
You hit something. The orc hits you but does no damage. Something hits you.
Something misses you.
Okay, then.
You're too confused to move!
The gnoll sergeant shouts!
The orc barely misses you. Something hits you but does no damage.
Something barely misses you.
You bump into the rock wall.
The orc closely misses you. Something hits you but does no damage.
Something barely misses you.
You feel better. The orc closely misses you.
You hear some strange, mumbled words.
A puff of flame appears from out of thin air!
The puff of flame misses you. The gnoll sergeant misses you.
You hear some strange, mumbled words.
Something tries to affect you, but you resist.
As you read the scroll of teleportation {@r3}, it crumbles to dust.
You feel strangely unstable. The orc misses you. Something hits you.
The gnoll sergeant hits you from afar with a +2 spear of pain.
Something hits you but does no damage.
You closely miss something. The orc hits you with a +0 dagger.
Something closely misses you. The gnoll sergeant closely misses you.
You hear some strange, mumbled words.
A magic dart appears from out of thin air!
The magic dart hits you but does no damage.
You hit something.
Your surroundings suddenly seem different.
You start resting.
A centaur warrior comes into view.
It is wielding a +0 falchion and quivering poisoned darts.
The centaur warrior shouts!
The centaur warrior hits you with a +0 falchion!
The centaur warrior misses you.
The centaur warrior hits you with a +0 falchion!
The centaur warrior misses you.
You turn into a tree.
Your +0 helmet melds into your body.
Your +0 pair of gloves melds into your body.
Your +0 steam dragon scales melds into your body.
Your roots penetrate the ground.
The centaur warrior hits you with a +0 falchion!
* * * LOW HITPOINT WARNING * * *
The centaur warrior kicks you but does no damage.
The centaur warrior hits you with a +0 falchion!
* * * LOW HITPOINT WARNING * * *
The centaur warrior kicks you but does no damage.
A red film seems to cover your vision as you go berserk!
Cheibriados forces you to slow down.
You feel mighty!
The centaur warrior hits you with a +0 falchion.
* * * LOW HITPOINT WARNING * * *
The centaur warrior kicks you.
* * * LOW HITPOINT WARNING * * *
You barely miss the centaur warrior.
The centaur warrior hits you with a +0 falchion.
You die...

#.......#.....# #..
####.####.....# #.# #.#
#.....# #.. #.# ##.....#
### #.# #......# ####.#
#.##.#.# #....###.##.#.#
####.####......#.# ##
#....♣c##.#.####.##### ..
#.##.#.......###...... ##
####.##.#.##.#......#####
.
................###.##...
.
####.#.##.##...........##
##
#......##.#####.#.#.#####
# #.##......#
###.#.#...... . #
###.<##. ........###### #
#.#....#########...# #.


You could see a centaur warrior.

Vanquished Creatures
  Pikel (D:8)
  Maggie (D:7)
  Jeremiah (D:7)
  An acid dragon (D:8)
  A water moccasin (D:7)
  A centaur (D:7)
  2 kobold brigands
  A bullfrog (D:8)
  3 howler monkeys (D:8)
  3 jellies
  4 hounds
  A gnoll bouda (D:7)
  3 orc priests
  Terence (D:2)
  2 iguanas (D:6)
  An orc wizard (D:7)
  12 gnolls
  10 adders
  A white imp (D:7)
  An ufetubus (D:5)
  2 dart slugs
  13 orcs
  7 ball pythons
  9 endoplasms
  2 giant cockroaches
  3 goblins
  8 hobgoblins
  12 kobolds
  2 quokkas (D:2)
  3 bats
  3 rats
115 creatures vanquished.

Notes
Turn   | Place    | Note
-------+----------+-------------------------------------------
     0 | D:1      | edsrzf the Kobold Gladiator began the quest for the Orb.
     0 | D:1      | Reached XP level 1. HP: 12/12 MP: 1/1
   239 | D:1      | Reached skill level 1 in Stealth
   338 | D:1      | Reached skill level 1 in Short Blades
   345 | D:1      | Reached XP level 2. HP: 17/17 MP: 2/2
   693 | D:1      | Reached skill level 2 in Stealth
   700 | D:1      | Reached skill level 2 in Short Blades
  1035 | D:2      | Reached XP level 3. HP: 21/21 MP: 3/3
  1204 | D:2      | Reached skill level 3 in Stealth
  1277 | D:2      | Noticed Terence
  1453 | D:2      | Reached skill level 3 in Short Blades
  1453 | D:2      | Reached XP level 4. HP: 25/26 MP: 4/4
  1538 | D:2      | Killed Terence
  1839 | D:2      | Reached skill level 4 in Stealth
  1948 | D:3      | Identified the +1 robe "Wikaiwan" {rElec rF- rC+ Stlth+}
  2030 | D:3      | Reached XP level 5. HP: 15/30 MP: 5/5
  2166 | D:3      | Found Jozoekh's Jewellery Shoppe.
  2203 | D:3      | Reached skill level 4 in Short Blades
  2285 | D:3      | Identified 4 scrolls of identify
  2285 | D:3      | Identified 2 potions of curing
  2286 | D:3      | Identified a potion of haste
  2287 | D:3      | Identified 2 potions of ambrosia
  2288 | D:3      | Identified 2 potions of attraction
  2315 | D:3      | Found a sacrificial altar of Ru.
  2610 | D:3      | Found a shimmering blue altar of Sif Muna.
  2753 | D:4      | Identified the +5 ring mail "Len Kixt" {*Slow rElec Dex+3}
  3041 | D:4      | Noticed a wyvern
  3046 | D:5      | Entered Level 5 of the Dungeon
  3076 | D:5      | Found a staircase to the Ecumenical Temple.
  3105 | D:5      | Reached skill level 5 in Stealth
  3113 | Temple   | Entered the Ecumenical Temple
  3128 | Temple   | Became a worshipper of Cheibriados the Contemplative
  3182 | D:5      | Reached skill level 5 in Short Blades
  3182 | D:5      | Reached XP level 6. HP: 33/35 MP: 6/6
  3331 | D:5      | Reached skill level 6 in Stealth
  3429 | D:5      | Noticed a steam dragon
  3432 | D:5      | Identified 5 scrolls of teleportation
  3820 | D:6      | Reached XP level 7. HP: 32/40 MP: 5/7
  3911 | D:6      | Reached skill level 6 in Short Blades
  4232 | D:6      | Reached skill level 7 in Stealth
  4376 | D:7      | Noticed a water moccasin
  4380 | D:7      | Killed a water moccasin
  4381 | D:7      | Reached skill level 7 in Short Blades
  4457 | D:7      | Noticed Jeremiah
  4517 | D:7      | Reached * piety under Cheibriados
  4539 | D:7      | Reached skill level 8 in Stealth
  4539 | D:7      | Reached XP level 8. HP: 15/39 MP: 5/8
  4664 | D:7      | Identified a potion of lignification
  4742 | D:7      | Reached skill level 8 in Short Blades
  4877 | D:7      | Reached skill level 9 in Stealth
  4951 | D:7      | Found a white marble altar of Elyvilon.
  4951 | D:7      | Found a glowing golden altar of the Shining One.
  4951 | D:7      | Found a glowing silver altar of Zin.
  5023 | D:7      | Noticed Maggie
  5029 | D:7      | Killed Maggie
  5030 | D:7      | Reached skill level 3 in Long Blades
  5215 | D:8      | Reached skill level 10 in Stealth
  5299 | D:7      | Killed Jeremiah
  5299 | D:7      | Reached ** piety under Cheibriados
  5300 | D:7      | Reached skill level 4 in Long Blades
  5300 | D:7      | Reached XP level 9. HP: 16/48 MP: 2/9
  5508 | D:8      | Found a sparkling altar of Nemelex Xobeh.
  5531 | D:8      | Reached skill level 11 in Stealth
  5571 | D:8      | Learned a level 2 spell: Ensorcelled Hibernation
  5609 | D:8      | Found a burning altar of Makhleb.
  5731 | D:8      | Identified a potion of berserk rage
  5822 | D:8      | Noticed Pikel
  5870 | D:8      | Killed Pikel
  5871 | D:8      | Reached skill level 2 in Spellcasting
  5871 | D:8      | Reached skill level 2 in Hexes
  5871 | D:8      | Reached skill level 2 in Ice Magic
  5893 | D:8      | Found Nialosh's Assorted Antiques.
  5898 | D:8      | Bought a scroll labelled BUSEWY VASOC for 24 gold pieces
  5898 | D:8      | Bought a scroll labelled LASUUD KUWISTRI for 24 gold pieces
  5898 | D:8      | Bought a scroll labelled BUSEWY VASOC for 24 gold pieces
  5983 | D:8      | Noticed a centaur warrior
  5987 | D:8      | HP: 2/108 [centaur warrior/+0 falchion (6)]
  5988 | D:8      | Slain by a centaur warrior

Illustrated notes

Levels and vault maps discovered:
D:1:      minmay_arrival_jagged, layout_basic
D:2:      layout_rooms, uniq_terence
D:3:      layout_basic, lemuel_doored_altar, mainiacjoe_overflow_alcove_2,
          serial_shops, shop
D:4:      layout_cave_pods
D:5:      layout_loops_corners, minmay_temple_entry_proselytizer
D:6:      layout_basic
D:7:      layout_basic, good_gods_mini_temple, chequers_mini_garden,
          dk_noncrumbling_2, uniq_jeremiah, uniq_maggie
D:8:      layout_loops_cross, grunt_temple_overflow_open, serial_shops,
          nicolae_shop_overgrown_old_shop, uniq_pikel
Temple:   hellmonk_temple_forest_ring

Skill      XL: |  1  2  3  4  5  6  7  8  9 |
---------------+----------------------------+-----
Stealth        | 1 2 3 4 5 6 8 10 11 | 11.1
Short Blades   | 1 2 3 5 7 8 |  8.0
Long Blades    | 4 |  4.6
Spellcasting   | 2 |  2.6
Hexes          | 2 |  2.5
Ice Magic      | 2 |  2.5
Fighting       | |  2.1
Throwing       | |  2.1
Dodging        | |  3.6

Action                     |  1- 3 |  4- 6 |  7- 9 || total
---------------------------+-------+-------+-------++-------
  Melee: Short sword       |   101 |   105 |    32 ||   238
         Long sword        |    10 |    78 |   127 ||   215
         Punch             |     2 |     3 |     4 ||     9
         Dagger            |       |       |    86 ||    86
  Throw: Throwing net      |       |     2 |     4 ||     6
         Boomerang         |       |     2 |       ||     2
    Use: Scroll            |       |     5 |     8 ||    13
         Potion            |       |     3 |     7 ||    10
   Stab: Sleeping          |     6 |    12 |    19 ||    37
         Held in net/web   |       |     3 |     2 ||     5
         Distracted        |       |       |     3 ||     3
 Armour: Leather armour    |    25 |    63 |    58 ||   146
         Steam dragon scal |       |       |    79 ||    79
         Skin              |       |       |     7 ||     7
  Dodge: Dodged            |    62 |   136 |   287 ||   485

Table legend: (Time is in decaauts)
 A = Elapsed time spent in this place.
 B = Non-inter-level travel time spent in this place.
 C = Inter-level travel time spent in this place.
 D = Time resting spent in this place.
 E = Time spent auto-exploring this place.
 F = Levels seen in this place.
 G = Mean time per level.
                   A        B        C        D        E       F      G
               +--------+--------+--------+--------+--------+-----+--------+
         Total |   6492 |   6299 |    193 |    800 |   3833 |   9 |  721.3 |
       Dungeon |   6458 |   6296 |    162 |    800 |   3833 |   8 |  807.2 |
        Temple |     33 |      2 |     31 |      0 |      0 |   1 |   33.0 |
               +--------+--------+--------+--------+--------+-----+--------+

Top non-repeatable levels by time:
     D:7: 1276 daAuts
     D:1: 1035 daAuts
     D:3: 896 daAuts
     D:2: 786 daAuts
     D:5: 772 daAuts
     D:6: 717 daAuts
     D:8: 682 daAuts
     D:4: 291 daAuts
  Temple: 33 daAuts
